Map: [ESL] Data-C

Players

herO - Winner!

  • Race: Protoss Protoss
  • Spawn Location: 9:00

Bunny

  • Race: Terran Terran
  • Spawn Location: 3:00

Event: DreamHack SC2 Masters 2022 Atlanta (Offline)

VOD

Have the link to the VOD?

Description

Time

  • Played on: Nov. 20, 2022, 5:55 p.m.
  • Length: 18:21

All games in this series

Show
View Real Time Build Order
Export as new Build Order

herO Protoss - Winner!

Build Orders: Oracle Opening 

Get SALT Encoding   

  12  0:00  Probe  
  13  0:12  Probe  
  14  0:17  Pylon  
  14  0:24  Probe  
  15  0:35  Gateway  
  15  0:37  Probe (Chrono Boost)  
  15  0:42  Assimilator  
  16  0:48  Probe (Chrono Boost)  
  17  0:53  Probe (Chrono Boost)  
  18  0:59  Assimilator  
  18  1:03  Probe  
  19  1:15  Probe  
  19  1:17  Pylon  
  20  1:24  Cybernetics Core  
  20  1:28  Probe  
  21  1:40  Probe  
  22  1:52  Probe  
  23  1:57  Adept (Chrono Boost)  
  23  2:00  Stargate  
  25  2:04  Warp Gate  
  25  2:09  Probe  
  26  2:20  Adept  
  28  2:35  Nexus  
  31  2:56  Pylon  
  31  3:04  Oracle (Chrono Boost)  
  31  3:06  Pylon  
  31  3:24  Probe  
  32  3:30  Twilight Council  
  32  3:33  Gateway  
  32  3:35  Oracle (Chrono Boost)  
  32  3:37  Probe (Chrono Boost)  
  36  3:47  Probe (Chrono Boost)  
  37  3:51  Gateway  
  37  3:54  Probe (Chrono Boost)  
  39  3:56  Probe (Chrono Boost)  
  39  4:01  Probe x2 (Chrono Boost), Blink (Chrono Boost)  
  41  4:15  Gateway  
  41  4:18  Probe x2  
  43  4:30  Probe x2  
  42  4:33  Stalker x2  
  43  4:44  Probe x2  
  45  4:46  Stalker  
  45  4:52  Pylon  
  47  5:02  Pylon  
  47  5:10  Probe x2  
  48  5:14  Stalker x3  
  54  5:22  Probe x2  
  54  5:26  Stalker  
  57  5:37  Stalker x2  
  56  5:53  Nexus  
  56  5:54  Probe x2  
  56  5:56  Pylon  
  58  6:02  Assimilator  
  58  6:03  Assimilator  
  58  6:06  Probe x2, Stalker  
  62  6:11  Templar Archives  
  62  6:17  Stalker  
  64  6:19  Probe x2  
  64  6:22  Shield Battery, Pylon  
  64  6:24  Stalker  
  68  6:29  Stalker  
  70  6:38  Pylon  
  70  6:40  Probe x2  
  70  6:43  Charge (Chrono Boost)  
  70  6:45  Psionic Storm  
  72  6:47  Gateway  
  72  6:52  Probe x2  
  74  6:56  Shield Battery  
  74  6:59  Gateway  
  74  7:07  Probe x2  
  76  7:12  Probe  
  77  7:19  Shield Battery, Probe  
  77  7:20  High Templar  
  77  7:21  Zealot x2  
  84  7:24  Probe x2  
  84  7:27  Shield Battery  
  84  7:29  High Templar  
  88  7:34  Probe  
  88  7:36  Probe  
  88  7:37  Probe  
  91  7:38  Pylon  
  91  7:42  Shield Battery  
  91  7:45  Gateway, High Templar  
  91  7:46  Zealot  
  95  7:53  Probe x2  
  95  7:54  Forge  
  97  7:59  Robotics Facility  
  97  8:05  Sentry  
  97  8:06  Zealot x2  
  97  8:10  Probe x2  
  97  8:11  Probe  
  106  8:14  Assimilator  
  106  8:15  Pylon  
  106  8:17  Assimilator  
  106  8:20  Protoss Ground Weapons Level 1 (Chrono Boost)  
  106  8:25  Pylon  
  104  8:28  Zealot, High Templar  
  104  8:30  Probe  
  104  8:33  Probe x2  
  104  8:34  Pylon  
  109  8:35  Pylon  
  109  8:42  Zealot x4  
  109  8:43  Probe  
  116  8:53  Nexus  
  116  8:54  High Templar  
  112  9:07  Zealot x4, High Templar x2  
  120  9:10  Warp Prism (Chrono Boost)  
  118  9:19  Probe x3  
  119  9:31  Zealot x4  
  119  9:34  Pylon  
  119  9:36  Zealot  
  125  9:45  Immortal (Chrono Boost)  
  111  9:53  Zealot x6  
  111  9:54  Archon  
  116  10:00  Zealot, Archon  
  118  10:10  Probe x3  
  113  10:16  Archon  
  113  10:17  Zealot x6  
  113  10:18  Protoss Ground Weapons Level 2  
  125  10:24  Immortal (Chrono Boost)  
  125  10:25  Robotics Bay, High Templar  
  125  10:26  Robotics Facility  
  124  10:50  Stalker x3  
  124  10:51  Stalker x3  
  136  11:04  Probe x3  
  139  11:05  Observer (Chrono Boost)  
  124  11:13  Probe  
  124  11:14  Extended Thermal Lance  
  124  11:16  Probe x2  
  124  11:17  Colossus (Chrono Boost)  
  133  11:22  Colossus (Chrono Boost)  
  139  11:30  Probe x2  
  139  11:31  Probe x2  
  138  11:42  Probe  
  138  11:43  Probe x3  
  142  11:53  Pylon  
  142  11:54  Pylon x2  
  148  11:56  Colossus (Chrono Boost)  
  148  12:00  Pylon  
  148  12:10  Probe x2  
  148  12:11  Probe x2  
  146  12:17  Disruptor (Chrono Boost)  
  146  12:18  Zealot x7  
  163  12:23  Probe  
  154  12:39  Stalker x7  
  154  12:42  Disruptor  
  167  12:46  Protoss Ground Armor Level 1 (Chrono Boost)  
  157  13:03  Zealot x2  
  157  13:04  Zealot x5  
  171  13:09  Gateway x2  
  171  13:10  Gateway  
  171  13:16  Disruptor  
  171  13:19  Archon, Pylon  
  172  13:27  Zealot x4  
  176  13:37  Nexus  
  156  13:50  Disruptor (Chrono Boost)  
  156  13:51  Disruptor (Chrono Boost)  
  145  13:56  Zealot x7  
  145  14:02  Probe x4  
  163  14:03  Shield Battery  
  163  14:09  Stalker x3  
  169  14:15  Disruptor (Chrono Boost)  
  160  14:22  Zealot x7  
  158  14:30  Disruptor (Chrono Boost)  
  137  14:45  Zealot x10  
  153  14:52  Assimilator  
  157  14:57  Colossus (Chrono Boost)  
  155  15:02  Colossus (Chrono Boost)  
  142  15:10  Zealot x4  
  142  15:11  Zealot x6  
  136  15:19  Probe x3  
  133  15:29  Pylon  
  133  15:33  Nexus  
  133  15:36  Disruptor (Chrono Boost)  
  133  15:39  Disruptor  
  139  15:46  Protoss Ground Armor Level 2 (Chrono Boost)  
  139  15:49  Stalker x7  
  153  15:56  Shield Battery  
  153  15:58  Photon Cannon  
  153  16:01  Photon Cannon  
  152  16:06  Zealot x3  
  141  16:20  Zealot x3  
  141  16:21  Zealot x4  
  141  16:23  Disruptor (Chrono Boost), Probe x2  
  155  16:28  Disruptor (Chrono Boost)  
  159  16:46  Stalker x2  
  159  16:47  Stalker  
  165  16:57  Stalker x3  
  171  17:05  Stalker  
  171  17:07  Probe x4, Assimilator  
  171  17:08  Assimilator  
  177  17:11  Photon Cannon  
  173  17:23  Disruptor (Chrono Boost), Zealot x9  
  173  17:29  Disruptor (Chrono Boost)  
  189  17:49  Zealot x8  
  199  18:02  Forge  
  171  18:13  Pylon  
Show
View Real Time Build Order
Export as new Build Order

Bunny Terran 

Build Orders:  

Get SALT Encoding   

  12  0:00  SCV  
  13  0:12  SCV  
  14  0:16  Supply Depot  
  14  0:24  SCV  
  15  0:38  SCV  
  15  0:39  Barracks  
  16  0:44  Refinery  
  16  0:50  SCV  
  17  1:02  SCV  
  18  1:08  Engineering Bay  
  18  1:14  SCV  
  19  1:27  Reaper, Orbital Command  
  20  1:52  SCV  
  21  1:59  Marine  
  22  2:01  Supply Depot  
  22  2:05  SCV  
  22  2:06  Factory  
  23  2:23  Barracks Reactor, SCV  
  23  2:26  Command Center  
  24  2:35  SCV  
  24  2:36  Supply Depot  
  25  2:48  SCV, Bunker  
  25  2:49  Factory Tech Lab  
  26  3:01  Marine x2  
  26  3:02  SCV  
  26  3:03  Refinery  
  29  3:09  Cyclone  
  31  3:18  SCV  
  31  3:19  Marine x2  
  34  3:30  SCV  
  35  3:36  Marine  
  35  3:37  Starport, Marine  
  35  3:39  Orbital Command  
  37  3:44  Widow Mine  
  37  3:47  SCV  
  40  3:54  Marine x2  
  42  4:01  Supply Depot  
  42  4:03  SCV  
  42  4:08  Cyclone  
  46  4:10  Orbital Command  
  46  4:12  Marine x2  
  48  4:18  Viking  
  49  4:24  SCV  
  49  4:29  Supply Depot  
  50  4:32  Marine x2  
  50  4:36  SCV  
  50  4:37  SCV  
  54  4:41  Siege Tank  
  57  4:50  Marine  
  57  4:51  Bunker  
  57  4:53  SCV  
  57  4:54  SCV  
  57  4:55  Starport Tech Lab  
  59  5:01  Barracks  
  59  5:05  SCV  
  59  5:06  SCV  
  61  5:12  Marine x2  
  63  5:20  Barracks  
  63  5:21  SCV x2  
  65  5:22  Supply Depot  
  65  5:27  Raven  
  67  5:30  Refinery  
  67  5:31  Marine x2  
  69  5:40  Engineering Bay  
  69  5:45  SCV x2  
  71  5:51  Marine x2  
  71  5:52  Siege Tank  
  70  5:57  Bunker, SCV x2  
  70  6:04  Supply Depot  
  72  6:09  Marine x2  
  74  6:11  Terran Infantry Weapons Level 1  
  74  6:14  Barracks Tech Lab  
  74  6:15  Marine  
  75  6:19  SCV x2  
  75  6:22  Refinery  
  77  6:30  Marine x2  
  82  6:33  Marine  
  82  6:34  Stimpack, Combat Shield  
  82  6:36  Starport Reactor  
  82  6:38  Supply Depot, Marine  
  81  6:41  SCV  
  81  6:42  SCV  
  83  6:47  Marine  
  83  6:48  Marine  
  83  6:52  Factory Reactor  
  85  6:54  Supply Depot  
  85  7:00  Marauder x2  
  89  7:01  Supply Depot  
  89  7:04  SCV x2  
  89  7:07  Marine x2  
  93  7:16  Medivac x2  
  93  7:18  Command Center  
  93  7:22  Marauder x2  
  99  7:25  Marine x2  
  99  7:26  Supply Depot  
  99  7:28  Widow Mine  
  99  7:29  Widow Mine  
  105  7:42  SCV x2  
  105  7:43  Barracks  
  107  7:46  Barracks, Medivac  
  107  7:47  Medivac  
  107  7:50  Widow Mine  
  113  7:52  Widow Mine  
  113  7:55  Marauder  
  117  8:01  Supply Depot  
  117  8:02  Supply Depot  
  117  8:06  Marine  
  118  8:12  Terran Infantry Armor Level 1  
  118  8:13  Concussive Shells  
  118  8:14  Marine  
  117  8:21  Marauder  
  117  8:24  SCV, Widow Mine x2  
  117  8:25  SCV  
  119  8:27  Marauder  
  121  8:35  Marine x2  
  121  8:37  Barracks Reactor  
  121  8:41  Medivac x2  
  127  8:43  Marauder  
  127  8:49  Marauder x2  
  131  8:57  Widow Mine x2  
  131  9:00  Marine x2  
  130  9:04  Marauder  
  130  9:08  SCV x2  
  132  9:10  Marauder  
  132  9:11  Medivac x2  
  136  9:19  Armory  
  136  9:20  Ghost Academy  
  134  9:25  Widow Mine  
  134  9:26  Widow Mine  
  134  9:28  Marauder x2, Marine x2  
  134  9:29  Marine  
  145  9:32  Marine x2  
  147  9:41  Medivac  
  141  9:46  Marine x2  
  141  9:47  Widow Mine x2  
  141  9:52  Ghost  
  134  9:57  SCV x2  
  128  10:01  Orbital Command  
  128  10:08  Widow Mine x2  
  128  10:12  Marine x2  
  115  10:18  Ghost x2  
  115  10:21  Marine x2  
  121  10:24  Missile Turret  
  121  10:30  Missile Turret  
  121  10:37  Ghost  
  123  10:45  Marine  
  123  10:46  Marine  
  123  10:48  SCV x2  
  123  10:49  SCV  
  128  10:51  Ghost  
  128  10:53  Refinery  
  128  10:54  Refinery, Widow Mine x2  
  134  10:57  Marine x2  
  134  11:01  Terran Infantry Weapons Level 2  
  136  11:06  SCV x3  
  138  11:14  Marauder x2, Marine x2  
  138  11:17  Bunker  
  144  11:19  Widow Mine x2  
  144  11:24  Supply Depot x2  
  148  11:26  Marauder  
  146  11:33  Marine x2  
  146  11:34  Marine  
  149  11:42  Supply Depot  
  149  11:45  Viking x2, Marauder, Marine, Ghost  
  156  11:52  Enhanced Shockwaves  
  156  11:56  Command Center, Marauder  
  156  12:00  Marine x2  
  160  12:08  Widow Mine x2  
  161  12:10  Marine x2  
  159  12:18  Viking x2  
  159  12:19  Marauder x2  
  159  12:20  Marine  
  167  12:24  Marine x2  
  167  12:28  Marine  
  167  12:35  Widow Mine  
  165  12:41  Marauder  
  165  12:42  Marine  
  165  12:43  Marine  
  163  12:47  Marine x2  
  163  12:48  Viking x2  
  163  12:50  Ghost x2  
  170  13:00  Marine x2  
  170  13:01  Widow Mine x2  
  170  13:04  Marauder  
  171  13:18  Viking x2, Ghost  
  171  13:19  Marauder, Marine  
  178  13:20  Marine  
  178  13:22  Marine  
  178  13:23  Marine  
  166  13:48  Medivac x2  
  166  13:51  Marauder  
  166  13:52  Marine x3  
  173  13:56  Command Center  
  173  13:58  Widow Mine x2  
  173  13:59  Marine  
  169  14:18  Liberator x2  
  157  14:25  Marauder x3, Marine x4  
  157  14:29  Widow Mine x2  
  139  14:43  Marine x2  
  139  14:45  Marine x2  
  136  14:57  Ghost  
  136  14:58  Ghost  
  130  15:01  Liberator x2  
  130  15:02  Marine x2  
  130  15:03  Marine  
  118  15:09  Marine x2  
  102  15:16  Planetary Fortress  
  102  15:20  Marine  
  102  15:30  Ghost x2  
  102  15:33  Marine  
  102  15:34  Marine  
  108  15:35  Marine  
  109  15:44  Medivac x2  
  109  15:46  Marauder  
  109  15:49  Marine  
  116  15:51  Marine x2  
  116  15:52  SCV x2  
  120  16:00  Refinery  
  120  16:01  Refinery, Missile Turret, Widow Mine  
  124  16:04  Widow Mine  
  114  16:22  Medivac  
  114  16:23  Medivac  
  112  16:31  Command Center, Marauder x2  
  116  16:34  Marine x3  
  116  16:36  Marine  
  118  16:47  Missile Turret  
  118  16:53  Medivac x2  
  122  16:55  Marauder  
  122  16:56  Marine x2  
  124  17:04  Marauder x2  
  124  17:07  Marine  
  125  17:11  Widow Mine  
  125  17:15  Widow Mine  
  129  17:21  Marauder  
  127  17:24  Marine x2  
  127  17:27  Sensor Tower  
  129  17:33  Widow Mine  
  129  17:36  Widow Mine  
  131  17:39  Marauder  
  131  17:40  Marauder  
  131  17:42  Marauder  
  127  17:48  Marine  
  127  17:49  Marine  
  126  17:57  Marine  
  126  17:58  Marine  
  128  18:00  Marine  
Tags
 
Add a new tag
Caveats
  • Supply blocks, unpowered buildings, or Contaminate may cause inaccurate times.
  • Supply counts are checked every 10 seconds.